 Dungeon Crawl Stone Soup version 0.30-a0-381-g6ea064c7b4 (webtiles) character file.

Game seed: 4625229836315774469

4 NinjaNoafa the Ducker (level 1, -2/16 HPs)
             Began as a Merfolk Gladiator on Dec 1, 2022.
             Slain by a goblin
             ... wielding a +0 club
              (4 damage)
             ... on level 1 of the Dungeon.
             The game lasted 00:00:49 (306 turns).

NinjaNoafa the Ducker (Merfolk Gladiator)            Turns: 306, Time: 00:00:50

Health: -2/16      AC:  4    Str: 14    XL:     1   Next: 60%
Magic:  1/1        EV: 13    Int:  7    God:
Gold:   31         SH:  0    Dex: 15    Spells: 0/0 levels left

rFire   . . .      SeeInvis .    a - +0 rapier
rCold   . . .      Faith    .    (no shield)
rNeg    . . .      Spirit   .    b - +0 leather armour
rPois   .          Reflect  .    c - +0 helmet
rElec   .          Harm     .    (no cloak)
rCorr   .          Rampage  .    (no gloves)
Will    .....                    (no boots)
Stlth   +.........               (no amulet)
HPRegen 0.22/turn                (no ring)
MPRegen 0.07/turn                (no ring)

@: no status effects
A: (nimble swimmer 2), mertail
a: no special abilities


You were on level 1 of the Dungeon.
You visited 1 branch of the dungeon, and saw 1 of its levels.

You collected 31 gold pieces.

Inventory:

Hand Weapons
 a - a +0 rapier (weapon)
Missiles
 d - 3 throwing nets (quivered)
 e - a javelin
 f - 10 stones
Armour
 b - a +0 leather armour (worn)
 c - a +0 helmet (worn)
Scrolls
 g - a scroll of torment {unknown}
 h - a scroll of enchant armour {unknown}
 i - a scroll of amnesia {unknown}


   Skills:
 + Level 2.3 Fighting
 + Level 3.7 Short Blades
 - Level 2.0 Throwing
 + Level 4.1 Dodging
 + Level 0.4 Stealth


You couldn't memorise any spells.
You didn't know any spells.
Your spell library was empty.

Dungeon Overview and Level Annotations

Branches:
Dungeon (1/15)

Altars:


Innate Abilities, Weirdness & Mutations

((You are very nimble when in or above water. (Stealth+, EV+, Speed+++)))
Your lower body shifts to a powerful aquatic tail in water.


Message History

An endoplasm comes into view.
An endoplasm is nearby!
The endoplasm quivers.
A goblin comes into view. It is wielding a +0 club.
Found a stone staircase leading down.
The goblin shouts!
A giant cockroach comes into view.
The endoplasm freezes you.
You are frozen.
A kobold comes into view. It is wielding a +0 club.
You hit the endoplasm.
The endoplasm is lightly wounded.
The endoplasm misses you.
You hit the endoplasm but do no damage.
The endoplasm is lightly wounded.
A bat comes into view.
The endoplasm hits you.
You hit the endoplasm but do no damage.
The endoplasm is lightly wounded.
The endoplasm hits you.
You hit the endoplasm.
You kill the endoplasm!
A bat comes into view.
The goblin hits you with a +0 club.
You hit the goblin but do no damage. The goblin hits you with a +0 club.
The kobold hits you with a +0 club.
* * * LOW HITPOINT WARNING * * *
There are monsters nearby!
There are monsters nearby!
The bat hits you but does no damage. The bat attacks as you move away!
The bat barely misses you. The bat hits you but does no damage.
The bat closely misses you. The bat misses you.
The bat attacks as you move away! The bat barely misses you. x2
The bat hits you but does no damage. The goblin attacks as you move away!
The goblin hits you with a +0 club.
* * * LOW HITPOINT WARNING * * *
The goblin attacks as you move away! The goblin barely misses you.
The goblin attacks as you move away! The goblin hits you with a +0 club.
You die...

#.#.# #.#.# #.#.#
#.#.####### ###
#.#.##....#
#.###.#.##....# ...
#####.......##....####
...#
#............+....'...
.....
#.#.#@#####.##....####
..... #.#.#g#
#.##....# #
......#.#.#.#
#.##....####
......#.#.#b#
#.......#..'
........#.#B#
+.......#.##
##.###..#.#.#
#....####.#. #....K.#
###### #.#. #..#K###
#.#. >......# #.#.


You could see a giant cockroach, a goblin, a bat and a kobold.

Vanquished Creatures
  A bat (D:1)
  An endoplasm (D:1)
  A ball python (D:1)
  A kobold (D:1)
4 creatures vanquished.

Notes
Turn   | Place    | Note
-------+----------+-------------------------------------------
     0 | D:1      | NinjaNoafa the Merfolk Gladiator began the quest for the
                  | Orb.
     0 | D:1      | Reached XP level 1. HP: 16/16 MP: 1/1
   306 | D:1      | Slain by a goblin

Illustrated notes

Levels and vault maps discovered:
D:1:      nzn_arrival_depleted_hourglass, layout_basic, hex_medium, st_stairs_3

Action                   || total
-------------------------++-------
Melee: Rapier            ||    22
Armor: Leather armour    ||    23
Dodge: Dodged            ||    35

Table legend: (Time is in decaauts)
 A = Elapsed time spent in this place.
 B = Non-inter-level travel time spent in this place.
 C = Inter-level travel time spent in this place.
 D = Time resting spent in this place.
 E = Time spent auto-exploring this place.
 F = Levels seen in this place.
 G = Mean time per level.
                   A        B        C        D        E       F      G
               +--------+--------+--------+--------+--------+-----+--------+
         Total |    306 |    306 |      0 |      0 |    224 |   1 |  306.0 |
       Dungeon |    306 |    306 |      0 |      0 |    224 |   1 |  306.0 |
               +--------+--------+--------+--------+--------+-----+--------+

Top non-repeatable levels by time:
     D:1: 306 daAuts
